Map: King Sejong Station LE

Players

marslanding - Winner!

  • Race: Terran Terran
  • Spawn Location: 11:00

Fropez

  • Race: Protoss Protoss
  • Spawn Location: 5:00

VOD

Have the link to the VOD?

Description

Time

  • Played on: June 20, 2016, 11:34 a.m.
  • Length: 16:08
Show
View Real Time Build Order
Export as new Build Order

marslanding Terran - Winner!

Build Orders: Reaper Expand 

Get SALT Encoding   

  12  0:01  SCV  
  13  0:13  SCV  
  14  0:18  Supply Depot  
  14  0:25  SCV  
  15  0:30  Refinery  
  15  0:42  Barracks  
  15  0:51  Supply Depot  
  15  1:03  SCV  
  16  1:16  SCV  
  17  1:28  SCV  
  17  1:29  Reaper  
  19  1:44  Command Center  
  20  1:53  Orbital Command  
  19  2:10  Factory  
  19  2:15  Marine  
  20  2:24  Engineering Bay  
  20  2:32  Marine  
  20  2:50  Marine  
  21  2:55  Factory Tech Lab  
  21  2:57  Starport  
  21  2:59  Bunker  
  21  3:10  Barracks  
  21  3:18  Barracks Reactor  
  21  3:31  Orbital Command  
  21  3:44  Medivac  
  23  3:58  Orbital Command  
  23  4:16  Refinery  
  23  4:19  Missile Turret  
  23  4:25  SCV  
  24  4:35  Barracks Tech Lab  
  24  4:37  SCV  
  25  4:38  Marine  
  25  4:39  Marine  
  25  4:42  Sensor Tower  
  27  4:49  SCV  
  27  4:51  SCV  
  29  4:55  Supply Depot  
  29  5:02  SCV  
  30  5:15  Siege Tank  
  30  5:18  Marauder  
  35  5:28  Marine  
  35  5:29  Marine  
  35  5:34  Bunker  
  35  5:35  SCV x2  
  39  5:39  Marauder  
  41  5:56  Marine x2  
  43  6:00  SCV x2, Marauder  
  47  6:12  SCV  
  47  6:14  Marine x2  
  50  6:21  Supply Depot  
  50  6:22  Marauder  
  50  6:24  Supply Depot  
  50  6:25  Supply Depot  
  52  6:31  Marine  
  53  6:43  Marine, Marauder  
  53  6:45  Siege Tank  
  59  6:49  Marine  
  60  6:59  Medivac  
  62  7:04  Marauder  
  62  7:07  Barracks x2  
  64  7:13  SCV  
  65  7:18  Marine  
  65  7:19  Marine  
  67  7:26  Marauder  
  66  7:32  Viking  
  67  7:38  Marine x2, Missile Turret  
  67  7:43  SCV  
  67  7:44  SCV  
  69  7:47  Marauder  
  68  8:19  Marine x2  
  71  8:20  Marauder  
  71  8:21  Viking  
  72  8:37  Marine  
  73  8:41  Marauder  
  73  8:51  Viking  
  75  8:58  Marine x2  
  75  9:01  Barracks Tech Lab  
  75  9:02  Marine  
  78  9:03  Barracks Reactor  
  78  9:24  Supply Depot  
  78  9:25  Supply Depot  
  78  9:30  Refinery  
  78  9:31  Refinery  
  78  9:41  Starport Reactor  
  78  9:45  Marine x2  
  78  9:46  Siege Tank, Marauder  
  78  9:48  Supply Depot  
  85  10:07  Marauder  
  85  10:38  Marine x4, Marauder  
  85  10:39  Widow Mine, Marauder  
  95  11:00  Marauder x2  
  94  11:08  Widow Mine  
  93  11:19  Marine x3  
  93  11:20  Marine  
  93  11:21  Marauder x2  
  93  11:22  SCV x2  
  93  11:34  SCV  
  93  11:35  SCV  
  93  11:36  Viking x2  
  99  11:42  Marauder  
  99  11:46  SCV  
  102  11:52  Marauder  
  98  12:17  Marauder x2  
  102  12:33  Command Center  
  102  12:44  Supply Depot  
  102  12:47  Supply Depot  
  102  13:00  Marine  
  102  13:02  Missile Turret  
  102  13:03  Marine  
  102  13:06  Marine  
  100  13:13  Marauder  
  102  13:20  Marine  
  102  13:43  Marine, SCV, Widow Mine, Marauder  
  108  13:49  Viking x2  
  111  13:55  SCV  
  111  14:07  SCV  
  109  14:11  Widow Mine  
  105  14:18  Viking  
  104  14:48  Marine x3  
  104  14:49  Marine, Marauder x2  
  111  15:10  Marauder x2  
Show
View Real Time Build Order
Export as new Build Order

Fropez Protoss 

Build Orders:  

Get SALT Encoding   

  12  0:01  Probe (Chrono Boost)  
  13  0:13  Pylon  
  13  0:18  Probe (Chrono Boost)  
  14  0:27  Assimilator  
  14  0:38  Gateway  
  14  0:41  Probe (Chrono Boost)  
  15  0:51  Probe (Chrono Boost)  
  15  0:55  Pylon  
  16  1:02  Probe (Chrono Boost)  
  17  1:12  Probe (Chrono Boost)  
  18  1:19  Gateway  
  18  1:31  Cybernetics Core  
  18  1:34  Probe (Chrono Boost)  
  19  1:44  Probe (Chrono Boost)  
  20  1:58  Pylon  
  20  2:00  Probe (Chrono Boost)  
  21  2:09  Adept  
  21  2:10  Adept  
  21  2:13  Mothership Core (Chrono Boost)  
  27  2:18  Warp Gate (Chrono Boost)  
  27  2:30  Pylon  
  27  2:31  Probe (Chrono Boost)  
  28  2:46  Adept  
  28  2:47  Adept  
  32  2:58  Pylon  
  32  3:00  Probe (Chrono Boost)  
  32  3:03  Assimilator  
  33  3:12  Probe  
  34  3:13  Pylon  
  34  3:24  Probe  
  34  3:36  Probe  
  35  3:42  Gateway  
  39  3:48  Probe  
  39  3:49  Gateway  
  40  4:15  Probe  
  37  4:22  Stargate  
  37  4:28  Probe  
  38  4:33  Stalker  
  38  4:34  Stalker  
  38  4:35  Nexus  
  42  4:40  Probe  
  43  4:50  Pylon  
  43  4:53  Stalker x2  
  47  5:06  Phoenix  
  49  5:07  Probe  
  50  5:19  Probe, Stalker  
  50  5:20  Stalker  
  55  5:28  Adept  
  58  5:36  Phoenix  
  59  5:44  Nexus  
  59  5:45  Probe  
  60  5:53  Stalker  
  62  6:11  Probe  
  63  6:21  Adept x2  
  63  6:22  Adept x2  
  63  6:25  Probe  
  70  6:31  Pylon  
  70  6:52  Pylon  
  70  6:55  Phoenix  
  70  7:01  Stalker x3  
  78  7:32  Adept x4  
  86  7:46  Phoenix  
  86  7:51  Assimilator  
  88  7:55  Assimilator  
  88  7:57  Probe  
  89  7:59  Pylon  
  89  8:03  Gateway  
  89  8:07  Gateway  
  89  8:11  Phoenix  
  89  8:31  Protoss Air Weapons Level 1 (Chrono Boost)  
  89  8:44  Adept x4  
  89  8:47  Probe  
  98  9:07  Stargate  
  98  9:08  Stargate  
  98  9:12  Gateway  
  98  9:18  Gateway  
  98  9:19  Adept x2  
  102  9:35  Robotics Facility  
  102  9:41  Pylon  
  102  9:45  Pylon  
  102  9:59  Phoenix  
  104  10:23  Adept x3  
  104  10:24  Adept x2  
  115  10:28  Observer  
  115  10:35  Probe  
  115  10:50  Observer  
  105  11:34  Phoenix x3  
  105  11:38  Observer  
  112  11:59  Phoenix x3  
  118  12:13  Nexus  
  118  12:16  Pylon  
  118  12:20  Pylon  
  118  12:23  Assimilator  
  118  12:29  Assimilator  
  118  12:34  Pylon  
  118  12:37  Pylon  
  118  12:47  Twilight Council  
  118  12:48  Gateway  
  118  13:12  Pylon  
  118  13:29  Adept x2  
  118  13:30  Adept x6  
  102  14:20  Stalker x3  
  102  14:21  Stalker x5  
  100  14:26  Probe x2  
  100  14:28  Probe  
  103  14:35  Resonating Glaives (Chrono Boost)  
  103  14:37  Forge  
  103  14:43  Probe  
  104  15:10  Adept  
  104  15:11  Adept x6  
  98  15:44  Zealot x2  
  98  15:45  Zealot x3  
Tags
 
Add a new tag
Caveats
  • Supply blocks, unpowered buildings, or Contaminate may cause inaccurate times.
  • Supply counts are checked every 10 seconds.